 Dungeon Crawl Stone Soup version 0.19-a0-1631-gd09ab47 (webtiles) character file.

418462 PurpleRed the Slayer (level 24, -4/170 HPs)
             Began as a Kobold Berserker on Sept 18, 2016.
             Was a High Priest of Trog.
             Slain by an azure jelly (20 damage)
             ... created by the Royal Jelly
             ... on level 4 of the Pits of Slime on Sept 19, 2016.
             The game lasted 06:03:05 (28664 turns).

PurpleRed the Slayer (Kobold Berserker)            Turns: 28664, Time: 06:03:06

Health: -4/170     AC: 27    Str: 27      XL:     24   Next: 42%
Magic:  7/7        EV: 32    Int:  7 (8)  God:    Trog [*****.]
Gold:   2515       SH:  7    Dex: 19      Spells: 0 memorised, 23 levels left

rFire  + . .     SeeInvis .     a - +6 eveningstar (antimagic)
rCold  + . .     Gourm    .     x - +5 pearl dragon armour
rNeg   + + +     Faith    .     n - +0 buckler {AC+3}
rPois  +         Spirit   .     d - +0 hat {MR+}
rElec  +         Dismiss  .     l - +2 cloak {rPois}
rCorr  +         Reflect  .     L - +0 pair of gloves of Goodbye, My Love {rF+ rC+ Stlth+}
MR     ++...     Harm     .     O - +0 pair of boots "Bets" {rCorr}
Stlth  +.........               Z - amulet of regeneration
                                h - ring of Robustness {AC+8}
                                X - ring of Rotan {*Contam rElec rN++ Str+3 Dex+3}

@: exhausted, corroded, slowed, studying Maces & Flails, very slow
A: carnivore 3, deterioration 1, subdued magic 1
a: Berserk, Trog's Hand, Brothers in Arms, Burn Spellbooks, Renounce Religion
}: 3/15 runes: decaying, silver, gossamer


You were on level 4 of the Pits of Slime.
You worshipped Trog.
Trog was extremely pleased with you.
You were very hungry.

You visited 11 branches of the dungeon, and saw 52 of its levels.
You visited the Abyss 1 time.
You also visited: Labyrinth.

You collected 4035 gold pieces.
You spent 1520 gold pieces at shops.

Inventory:

Hand Weapons
 a - a +6 antimagic eveningstar (weapon)
 t - a +6 antimagic morningstar
 P - the +6 morningstar "Hydraslayer" {flame, Dex+7}
   (You acquired it on level 2 of the Depths)

   It has been specially enchanted to burn those struck by it, causing extra
   injury to most foes and up to half again as much damage against particularly
   susceptible opponents.
   It affects your dexterity (+7).
Missiles
 J - 5 throwing nets (quivered)
Armour
 d - a +0 hat of magic resistance (worn)
 l - a +2 cloak of poison resistance (worn)
 n - a +0 buckler of protection (worn)
 r - a troll hide
 s - a +2 helmet of intelligence
 v - a +2 pair of boots
 x - a +5 pearl dragon armour (worn)
 L - the +0 pair of gloves of Goodbye, My Love (worn) {rF+ rC+ Stlth+}
   (You found it on level 2 of the Vaults)

   It protects you from fire.
   It protects you from cold.
   It makes you more stealthy.
 O - the +0 pair of boots "Bets" (worn) {rCorr}
   (You found it on level 6 of the Dungeon)

   It protects you from acid and corrosion.
 Y - the +2 hat of True Grit {rPois rF- Str+4 Dex+2}
   (You found it on level 3 of the Vaults)

   It affects your strength (+4).
   It affects your dexterity (+2).
   It makes you vulnerable to fire.
   It protects you from poison.
Magical Staves
 m - an uncursed staff of energy
Rods
 b - a +4 rod of clouds (10/10)
   (You found it on level 3 of the Elven Halls)
Jewellery
 h - the ring of Robustness (right hand) {AC+8}
   (You found it on level 3 of the Crypt)

   [ring of protection]

   It affects your AC (+8).
 k - an uncursed ring of ice
 u - the ring of the Sturgeon {+Inv rElec rF++ AC+1 Str-5}
   (You took it off an ironheart preserver on level 5 of the Vaults)

   [ring of protection]

   It affects your AC (+1).
   It affects your strength (-5).
   It greatly protects you from fire.
   It insulates you from electricity.
   It lets you turn invisible.
 B - an uncursed ring of protection from magic
 G - the amulet of Rifuegam {RegenMP rElec rPois rF- rC+++ MP+9}
   (You took it off a frost giant on level 5 of the Vaults)

   [amulet of magic regeneration]

   It increases your magic regeneration.
   It makes you vulnerable to fire.
   It renders you almost immune to cold.
   It insulates you from electricity.
   It protects you from poison.
   It affects your magic capacity (+9).
 K - an uncursed ring of wizardry
 X - the ring of Rotan (left hand) {*Contam rElec rN++ Str+3 Dex+3}
   (You bought it in a shop on level 2 of the Vaults)

   [ring of strength]

   It affects your strength (+3).
   It affects your dexterity (+3).
   It insulates you from electricity.
   It greatly protects you from negative energy.
   It causes magical contamination when unequipped.
 Z - an amulet of regeneration (around neck)
Wands
 i - a wand of iceblast (8/15)
 q - a wand of teleportation (4/9)
 W - a wand of digging (5/24)
Scrolls
 f - 9 scrolls of remove curse
 j - 5 scrolls of identify
 o - 2 scrolls of brand weapon
 w - 8 scrolls of recharging
 N - 4 scrolls of blinking
 S - 9 scrolls of teleportation
 T - 3 scrolls of fog
Potions
 z - a potion of heal wounds
 C - 2 potions of cure mutation
 F - 6 potions of curing
 I - 2 potions of flight
 Q - a potion of agility
Books
 e - a manual of Maces & Flails
 A - a book of Alchemy

   Spells                             Type                      Level
   a - Sublimation of Blood           Necromancy                   2
   b - Ignite Poison                  Fire/Transmutation/Poison    3
   c - Petrify                        Transmutation/Earth          4
   d - Alistair's Intoxication        Transmutation/Poison         5
   e - Irradiate                      Conjuration/Transmutation    5
   Trog disapproves of the use of such an item.
 E - Biehenti's Incunabulum of Evil Magic
   (You found it on level 3 of the Crypt)

   Spells                             Type                      Level
   a - Corpse Rot                     Necromancy                   2
   b - Regeneration                   Charms/Necromancy            3
   c - Excruciating Wounds            Charms/Necromancy            5
   d - Agony                          Necromancy                   5
   e - Death Channel                  Necromancy                   6
   f - Haunt                          Necromancy/Summoning         7
   Trog disapproves of the use of such an item.
 R - a book of Spatial Translocations

   Spells                             Type                      Level
   a - Apportation                    Translocation                1
   b - Blink                          Translocation                2
   c - Shroud of Golubria             Charms/Translocation         2
   d - Portal Projectile              Translocation                3
   e - Teleport Other                 Translocation                3
   f - Passage of Golubria            Translocation                4
   Trog disapproves of the use of such an item.
 V - a book of the Warp

   Spells                             Type                      Level
   a - Gell's Gravitas                Hexes/Translocation          3
   b - Force Lance                    Conjuration/Translocation    4
   c - Summon Forest                  Summoning/Translocation      5
   d - Dispersal                      Translocation                6
   e - Controlled Blink               Translocation                8
   f - Disjunction                    Translocation                8
   Trog disapproves of the use of such an item.
Miscellaneous
 M - a phial of floods
 U - a lamp of fire
Comestibles
 c - 13 meat rations
 g - 9 royal jellies
 D - 5 slices of pizza


   Skills:
 + Level 22.9 Fighting
 + Level 18.3 Maces & Flails
 - Level 15.0 Armour
 + Level 22.6 Dodging
 - Level 5.6 Shields


You had 23 spell levels left.
You didn't know any spells.

Dungeon Overview and Level Annotations

Branches:
Dungeon (15/15)            Temple (1/1) D:6            Lair (6/6) D:10
  Swamp (4/4) Lair:3       Spider (4/4) Lair:4        Slime (5/5) Lair:6
    Orc (2/2) D:11            Elf (3/3) Orc:2        Vaults (5/5) D:13
  Crypt (3/3) Vaults:3       Tomb (0/3) Crypt:3      Depths (4/5) D:15

Altars:
Ashenzari
Cheibriados
Dithmenos
Elyvilon
Fedhas
Hepliaklqana
Kikubaaqudgha
Makhleb
Nemelex Xobeh
Qazlal
Ru
Sif Muna
Trog
Uskayaw
Vehumet
Xom
Yredelemnul
Zin
The Shining One
Beogh
Jiyva

Shops:
Orc:2 ([(*   Vaults:1 *   Vaults:2 =

Portals:
Hell: Depths:2
Pandemonium: Depths:3

Annotations:
Swamp:4 Mara
Slime:5 Royal Jelly
Depths:3 Margery, Sojobo


Innate Abilities, Weirdness & Mutations

You are small and have problems with some larger weapons.
You are carnivorous and can eat meat at any time.
Your body sometimes deteriorates upon taking damage.
Your spells are a little easier to cast, but a little less powerful.


Message History

The azure jelly completely misses you. The azure jelly closely misses you.
The azure jelly completely misses you.
You closely miss the azure jelly. You block the azure jelly's attack.
The azure jelly hits you but does no damage. x2
The azure jelly closely misses you.
You closely miss the azure jelly. You block the azure jelly's attack.
The azure jelly hits you but does no damage.
You block the azure jelly's attack. The azure jelly barely misses you.
You bludgeon the azure jelly!!
The azure jelly is moderately wounded.
The azure jelly barely misses you. You block the azure jelly's attack.
The azure jelly completely misses you. The azure jelly hits you!
* * * LOW HITPOINT WARNING * * *
You impale the azure jelly!!
The azure jelly is heavily wounded.
The azure jelly hits you but does no damage.
The azure jelly hits you.
* * * LOW HITPOINT WARNING * * *
The azure jelly freezes you!! You resist.
You die...

..#.......##...##
...#....<.###...#
.............##.##
#.............###
.............## .
.............##.
#..#..............
...#................
......^.@J........#
.##..........#....
##...............
##..#.......#........
#..................
##..#..........#...
#.. #...#......##..
## #...#.......##.
##.##.......#


You could see an azure jelly.

Vanquished Creatures
  2 ancient liches
  Boris (Crypt:1)
  Bai Suzhen (Swamp:4)
  Saint Roka (Vaults:5)
  A golden dragon (Vaults:5)
  The ghost of yaymichael the Earth Mage, an adept GrEE of Vehumet (Elf:3)
  Jorgrun (Swamp:4)
  A tentacled monstrosity (Vaults:5)
  4 liches
  2 deep elf blademasters (Elf:3)
  2 titans (Vaults:5)
  15 acid blobs
  3 sphinxes
  2 deep elf master archers (Elf:3)
  2 quicksilver dragons (Vaults:5)
  2 ancient champions (Crypt:1)
  Gastronok (Lair:2)
  2 storm dragons
  2 thorn hunters
  7 tengu reavers
  A shadow dragon (shapeshifter) (Vaults:5)
  5 shadow dragons (Vaults:5)
  12 azure jellies
  6 frost giants
  An iron dragon (Vaults:5)
  6 deep elf sorcerers
  6 fire giants
  2 ghost moths (Spider:4)
  7 vault wardens
  6 emperor scorpions
  2 ghouls (Crypt:1)
  6 deep elf elementalists
  4 curse skulls
  11 ironheart preservers
  13 very ugly things
  2 reapers (Crypt:3)
  12 stone giants
  An ophan (Abyss:4)
  3 entropy weavers
  A vampire knight (Depths:2)
  9 deep elf demonologists
  5 deep elf annihilators
  Snorg (Lair:3)
  6 deep elf death magi
  5 ettins
  5 eidola
  A minotaur (Lab)
  4 death oozes (Slime:4)
  2 jiangshi
  3 fire dragons
  8 yaktaur captains
  6 great orbs of eyes
  A mummy priest (Crypt:3)
  3 deep elf high priests
  9 vault guards (Vaults:5)
  7 ice dragons
  Harold (D:10)
  27 hydras
  A ghost crab (Swamp:2)
  A catoblepas (D:14)
  9 ogre magi
  4 deep troll shamans (Depths:2)
  3 centaur warriors
  A death knight (Vaults:1)
  2 vampire magi
  3 tengu warriors
  11 dancing weapons
  3 alligators
  3 titan zombies (Crypt:3)
  5 deep troll earth magi
  3 soul eaters (Crypt:3)
  4 orc high priests
  8 deep elf knights
  6 shadow wraiths
  An anaconda zombie (Crypt:3)
  4 iron trolls (Depths:2)
  An unseen horror (shapeshifter) (Depths:2)
  4 skeletal warriors (Crypt:1)
  An unseen horror (D:13)
  5 wizards
  A spriggan druid (Swamp:4)
  2 glowing orange brains
  9 swamp dragons
  8 deep trolls
  14 ironbrand convokers
  A flayed ghost (Depths:2)
  4 hill giants
  6 phantasmal warriors
  A shambling mangrove (Swamp:4)
  9 orb spiders
  4 harpies
  11 deep elf archers
  A lindwurm (Lair:6)
  A lindwurm (shapeshifter) (Depths:2)
  12 necromancers
  5 orc sorcerers
  15 orc knights
  39 deep elf magi
  A stone giant zombie (Crypt:3)
  5 shining eyes
  26 ugly things
  16 wolf spiders
  4 cyclopes
  3 hornets
  3 frost giant zombies
  The ghost of RexxRaptorr the Chiller, a novice MfIE of Okawaru (D:9)
  An elephant (shapeshifter) (Depths:2)
  2 moths of wrath
  2 centaur zombies (D:12)
  4 stone giant skeletons (Crypt:3)
  2 eyes of devastation
  2 gargoyles
  7 vault sentinels
  A fire giant skeleton (Crypt:3)
  A moth of wrath (shapeshifter) (Vaults:5)
  Joseph (D:7)
  2 black mambas
  A guardian serpent (shapeshifter) (Elf:2)
  A centaur skeleton (D:10)
  12 spiny frogs
  A catoblepas zombie (Crypt:3)
  20 yaktaurs
  A kobold demonologist (D:13)
  A spiny frog (shapeshifter) (Depths:2)
  6 komodo dragons
  A dire elephant skeleton (Crypt:3)
  2 efreet
  A demonic crawler (Spider:3)
  4 rime drakes
  9 freezing wraiths
  2 ice devils (Orc:1)
  7 tengu conjurers
  4 guardian mummies
  10 hellwings (Crypt:3)
  A queen bee (shapeshifter) (Vaults:3)
  5 trolls
  8 polar bears (Lair:6)
  A merfolk (D:12)
  A grey draconian skeleton (Crypt:2)
  2 meliai (shapeshifter)
  17 jumping spiders
  A hydra zombie (Crypt:3)
  A merfolk (shapeshifter) (Vaults:4)
  11 two-headed ogres
  4 tyrant leeches
  A wolf spider simulacrum (D:15)
  Prince Ribbit (D:5)
  5 hippogriffs
  Grinder (D:5)
  5 dream sheep (Lair:6)
  6 boulder beetles
  5 raiju (Lair:6)
  64 slime creatures
  3 blink frogs (Lair:5)
  A hippogriff (shapeshifter) (Vaults:5)
  7 bog bodies
  6 flying skulls (Crypt:1)
  A black mamba zombie (Crypt:3)
  The ghost of yaymichael the Digger, an amateur GrEE (D:4)
  35 redbacks
  A tarantella (shapeshifter) (Vaults:5)
  A ynoxinul (Abyss:4)
  2 shadows (Swamp:4)
  6 wraiths
  4 spriggans
  4 water elementals
  10 tarantellas
  3 vampires
  2 wyverns
  4 basilisks
  A black mamba skeleton (Crypt:3)
  2 hungry ghosts
  3 fire elementals
  3 golden eyes (Slime:5)
  15 yaks
  2 large abominations (Abyss:4)
  4 steam dragons (Lair:6)
  25 vampire mosquitoes
  Eustachio (D:5)
  3 insubstantial wisps (Swamp:3)
  11 swamp worms
  Menkaure (D:7)
  2 mottled dragons (Lair:6)
  12 wargs
  A soldier ant (shapeshifter) (Depths:2)
  A spiny frog zombie (Crypt:3)
  7 porcupines
  9 water moccasins
  3 hell hounds (Lair:6)
  A merfolk skeleton (Crypt:1)
  A hell hound (shapeshifter) (Vaults:5)
  25 orc warriors
  2 sky beasts
  15 swamp drakes
  2 ice beasts (D:9)
  9 wasps
  7 eyes of draining
  2 manticore zombies (Crypt:3)
  39 ogres
  14 black bears
  An ice beast (shapeshifter) (Vaults:4)
  4 phantoms
  4 boggarts (Vaults:3)
  15 centaurs
  A necrophage (Crypt:1)
  21 wolves (Lair:6)
  17 crocodiles
  A rime drake zombie (Crypt:2)
  3 big kobolds
  8 bullfrogs
  An earth elemental (Elf:2)
  3 wyvern skeletons (Crypt:3)
  An elf skeleton (Crypt:2)
  3 scorpions
  15 wights
  3 howler monkeys (D:10)
  4 electric eels
  2 bullfrog zombies
  4 crimson imps
  16 hounds
  2 human zombies
  5 jellies
  A jelly (shapeshifter) (Vaults:5)
  13 orc priests
  23 orc wizards
  11 iguanas
  2 human skeletons (Crypt:1)
  8 worker ants
  A tengu zombie (Crypt:1)
  A tengu skeleton (Crypt:1)
  7 mummies
  Robin (D:3)
  8 gnolls
  32 river rats
  4 adders
  2 howler monkey skeletons
  3 shadow imps
  A white imp (Depths:3)
  An ooze (D:5)
  An adder skeleton (D:9)
  A worm (D:6)
  3 dart slugs
  6 leopard geckos
  74 orcs
  3 giant cockroaches
  12 goblins
  3 hobgoblins (D:3)
  7 jackals
  9 quokkas
  A bat (D:1)
  A jackal skeleton (D:7)
  14 kobolds
  2 leopard gecko skeletons (D:7)
  A quokka skeleton (D:5)
  A rat (D:1)
  A crawling corpse (Elf:2)
  2 plants (Lair:2)
1505 creatures vanquished.

Vanquished Creatures (collateral kills)
  An ancient lich (Vaults:5)
  An acid blob (Slime:5)
  A thorn hunter (Swamp:4)
  A storm dragon (Vaults:5)
  A fire giant (Vaults:5)
  An azure jelly (Slime:5)
  A vault warden (Vaults:5)
  2 ironheart preservers (Vaults:5)
  A stone giant (Vaults:5)
  A deep elf death mage (Vaults:2)
  A death ooze (Slime:5)
  18 vault guards (Vaults:5)
  A hydra (Swamp:4)
  A catoblepas (Abyss:4)
  A spriggan berserker (Swamp:4)
  2 fire crabs (Abyss:4)
  A shadow wraith (Vaults:5)
  A swamp dragon (Abyss:4)
  2 orc knights (Orc:2)
  A deep elf mage (Vaults:2)
  2 orc sorcerers (Orc:2)
  An ice statue (Abyss:4)
  A jumping spider (Spider:4)
  A troll (Vaults:2)
  A slime creature (Slime:5)
  A warg (Vaults:2)
  A floating eye (Slime:5)
  4 orc warriors (Orc:2)
  3 orc priests (Orc:2)
  2 orc wizards
  3 orcs
60 creatures vanquished.

Vanquished Creatures (others)
  A centaur warrior (Vaults:3)
  A deep elf archer (Vaults:2)
  An ugly thing (Swamp:2)
  A yaktaur (Vaults:3)
  A jumping spider (Spider:4)
  A slime creature (Vaults:3)
  A redback (Spider:4)
  A swamp worm (Swamp:3)
  A wight (D:14)
  3 orcs
  A kobold (D:14)
  A crawling corpse (Elf:3)
  5 fungi
  A lurking horror (Abyss:4)
  11 plants
  15 withered plants (Crypt:3)
46 creatures vanquished.

Grand Total: 1611 creatures vanquished

Notes
Turn   | Place    | Note
-------+----------+-------------------------------------------
     0 | D:1      | PurpleRed the Kobold Berserker began the quest for the Orb.
     0 | D:1      | Reached XP level 1. HP: 14/14 MP: 1/1
    85 | D:1      | Reached XP level 2. HP: 17/19 MP: 2/2
   158 | D:3      | Noticed Robin
   160 | D:3      | Reached XP level 3. HP: 9/23 MP: 1/3
   167 | D:3      | Killed Robin
   247 | D:3      | Reached ** piety under Trog
   306 | D:3      | Found a shadowy altar of Dithmenos.
   306 | D:3      | Found an ancient bone altar of Kikubaaqudgha.
   307 | D:3      | Found a glowing golden altar of the Shining One.
   311 | D:3      | Reached XP level 4. HP: 26/28 MP: 4/4
   382 | D:4      | Noticed yaymichael's ghost (amateur GrEE)
   396 | D:4      | Killed yaymichael's ghost
   396 | D:4      | Reached XP level 5. HP: 33/33 MP: 5/5
   396 | D:4      | Reached XP level 6. HP: 38/38 MP: 6/6
   467 | D:4      | Found a radiant altar of Vehumet.
   617 | D:4      | Reached XP level 7. HP: 23/44 MP: 1/7
   633 | D:4      | Got a scintillating pewter ring
   662 | D:4      | Identified the ring of Gugomear {Fire -Tele rN+ Int+8 Slay+2} (You took it off an orc on level 4 of the Dungeon)
   702 | D:4      | Reached skill level 5 in Fighting
   707 | D:5      | Entered Level 5 of the Dungeon
   741 | D:6      | Found a stormy altar of Qazlal.
   854 | D:5      | Reached skill level 5 in Maces & Flails
   946 | D:6      | Got a pair of ichor-stained boots
   952 | D:6      | Identified the cursed +0 pair of boots "Bets" {rCorr} (You found it on level 6 of the Dungeon)
  1004 | D:5      | Noticed Eustachio
  1022 | D:5      | Killed Eustachio
  1022 | D:5      | Reached XP level 8. HP: 51/51 MP: 6/8
  1082 | D:5      | Noticed Prince Ribbit
  1098 | D:5      | Killed Prince Ribbit
  1098 | D:5      | Reached *** piety under Trog
  1126 | D:5      | Noticed Grinder
  1139 | D:5      | Killed Grinder
  1221 | D:5      | Reached XP level 9. HP: 57/57 MP: 7/9
  2093 | D:7      | Noticed Menkaure
  2099 | D:7      | Killed Menkaure
  2190 | D:7      | Noticed Joseph
  2296 | D:7      | Killed Joseph
  2412 | D:7      | Reached XP level 10. HP: 65/65 MP: 10/10
  2451 | D:7      | Reached **** piety under Trog
  3183 | D:6      | Found a staircase to the Ecumenical Temple.
  3191 | Temple   | Entered the Ecumenical Temple
  3321 | D:8      | Identified a scroll of acquirement
  3352 | D:9      | Reached skill level 10 in Maces & Flails
  3387 | D:10     | Entered Level 10 of the Dungeon
  3440 | D:9      | Noticed RexxRaptorr's ghost (novice MfIE)
  3457 | D:9      | Killed RexxRaptorr's ghost
  3865 | D:10     | Found a staircase to the Lair.
  3876 | Lair:1   | Entered Level 1 of the Lair of Beasts
  3936 | D:10     | Reached skill level 5 in Armour
  3951 | D:10     | Reached XP level 11. HP: 52/71 MP: 8/11
  4149 | D:10     | Noticed Harold
  4162 | D:10     | Killed Harold
  4162 | D:10     | Reached skill level 10 in Fighting
  4387 | D:10     | Noticed a hill giant
  4400 | D:10     | Killed a hill giant
  4596 | D:11     | Noticed a five-headed hydra
  4604 | D:11     | Killed a five-headed hydra
  4641 | D:11     | Noticed a four-headed hydra
  4657 | D:11     | Killed a four-headed hydra
  4732 | D:11     | Reached ***** piety under Trog
  4753 | D:12     | Noticed a centaur warrior
  4767 | D:12     | Killed a centaur warrior
  4767 | D:12     | Reached XP level 12. HP: 79/79 MP: 10/12
  5716 | D:11     | Found a staircase to the Orcish Mines.
  6009 | Lair:2   | Noticed Gastronok
  6039 | Lair:2   | Killed Gastronok
  6039 | Lair:2   | Reached skill level 5 in Dodging
  6401 | Lair:3   | Noticed Snorg
  6416 | Lair:3   | Killed Snorg
  6416 | Lair:3   | Reached XP level 13. HP: 77/85 MP: 7/13
  6451 | Lair:3   | Found a staircase to the Swamp.
  6591 | Lair:4   | Found an ancient bone altar of Kikubaaqudgha.
  6681 | Lair:5   | Received a gift from Trog
  6688 | Lair:5   | Got a fine arbalest {god gift}
  6689 | Lair:5   | Identified the +2 arbalest of Trog's Scorn {speed, rF++ Int+3} (Trog gifted it to you on level 5 of the Lair of Beasts)
  6702 | Lair:5   | Noticed an eight-headed hydra
  6718 | Lair:5   | Killed an eight-headed hydra
  6785 | Lair:6   | Entered Level 6 of the Lair of Beasts
  6957 | Lair:6   | Found a labyrinth entrance.
  6976 | Lab      | Entered a labyrinth
  7335 | Lab      | Noticed a minotaur
  7346 | Lab      | Killed a minotaur
  7367 | Lab      | Got a pitted rapier
  7367 | Lab      | Got a twisted quarterstaff
  7368 | Lab      | Identified the cursed +1 rapier "Laorasup" {flame, rN+} (You found it in a labyrinth)
  7408 | Lab      | Identified the cursed +3 quarterstaff of Quxzetik {drain, rC+ Dex+2} (You found it in a labyrinth)
  7417 | Lair:6   | Found a staircase to the Slime Pits.
  7417 | Lair:6   | Found a viscous altar of Jiyva.
  7426 | Slime:1  | Entered Level 1 of the Pits of Slime
  7444 | Lair:6   | Noticed a seven-headed hydra
  7453 | Lair:6   | Killed a seven-headed hydra
  7704 | Lair:6   | Noticed a fire dragon
  7721 | Lair:6   | Killed a fire dragon
  7777 | Lair:6   | Got a heavily runed buckler
  7783 | Lair:6   | Identified the +0 buckler of Zirphoul {rN+++} (You found it on level 6 of the Lair of Beasts)
  7883 | Lair:6   | Noticed a six-headed hydra
  7904 | Lair:6   | Killed a six-headed hydra
  7965 | Lair:6   | Received a gift from Trog
  8066 | Lair:6   | Reached XP level 14. HP: 94/94 MP: 11/14
  8238 | Lair:6   | Reached skill level 15 in Maces & Flails
  8468 | Lair:6   | Received a gift from Trog
  8736 | Lair:4   | Found a hole to the Spider Nest.
  8836 | Spider:1 | Entered Level 1 of the Spider Nest
  9114 | Orc:1    | Entered Level 1 of the Orcish Mines
  9199 | Orc:2    | Entered Level 2 of the Orcish Mines
  9442 | Orc:2    | Found a staircase to the Elven Halls.
  9487 | Orc:1    | Received a gift from Trog
  9500 | Orc:1    | Reached ****** piety under Trog
  9591 | Orc:2    | Reached skill level 10 in Dodging
  9715 | Orc:2    | Found a roughly hewn altar of Beogh.
 10019 | Orc:2    | Found Muifoataip's Armour Shop.
 10019 | Orc:2    | Found Nitenarr's Antique Weapon Shop.
 10020 | Orc:2    | Found Giub's Assorted Antiques.
 10021 | Orc:2    | Found Gycacias's Weapon Emporium.
 10052 | Orc:2    | Bought a +0 cloak of poison resistance for 119 gold pieces
 10057 | Orc:2    | Bought a +2 helmet of intelligence for 301 gold pieces
 10232 | Orc:1    | Paralysed by an orc sorcerer for 5 turns
 10245 | Orc:2    | Reached skill level 1 in Shields
 10684 | Swamp:1  | Entered Level 1 of the Swamp
 10694 | Swamp:1  | Reached XP level 15. HP: 100/100 MP: 15/15
 10959 | Swamp:2  | Found a basalt altar of Yredelemnul.
 11381 | Swamp:3  | Noticed a thorn hunter
 11410 | Swamp:3  | Killed a thorn hunter
 11410 | Swamp:3  | Received a gift from Trog
 11903 | Swamp:4  | Entered Level 4 of the Swamp
 12109 | Swamp:4  | Noticed Bai Suzhen
 12147 | Swamp:4  | Killed Bai Suzhen
 12153 | Swamp:4  | Noticed Jorgrun
 12199 | Swamp:4  | Killed Jorgrun
 12228 | Swamp:4  | Reached XP level 16. HP: 23/107 MP: 6/16
 12332 | Swamp:4  | Noticed a thorn hunter
 12340 | Swamp:4  | Killed a thorn hunter
 12512 | Swamp:4  | Reached skill level 5 in Shields
 12520 | Swamp:4  | Noticed a thorn hunter
 12540 | Swamp:4  | Killed a thorn hunter
 12681 | Swamp:4  | Reached skill level 15 in Fighting
 12777 | Swamp:4  | Noticed Mara
 12924 | Swamp:4  | Got a decaying rune of Zot
 13322 | Swamp:1  | Received a gift from Trog
 13754 | Spider:4 | Entered Level 4 of the Spider Nest
 14040 | Spider:4 | Got a clouded wooden ring
 14042 | Spider:4 | Identified the ring of Royalty {Str+5 Stlth-} (You found it on level 4 of the Spider Nest)
 14441 | Spider:4 | Reached XP level 17. HP: 101/114 MP: 5/17
 15393 | Spider:4 | Got a gossamer rune of Zot
 15993 | D:15     | Entered Level 15 of the Dungeon
 16392 | D:13     | Found a gate to the Vaults.
 16415 | Vaults:1 | Entered Level 1 of the Vaults
 16598 | Vaults:1 | Noticed a lich
 16601 | Vaults:1 | Cast into level 4 of the Abyss (a lich)
 16601 | Abyss:4  | Found a corrupted altar of Lugonu.
 16743 | Abyss:4  | Received a gift from Trog
 16767 | Abyss:4  | Found a corrupted altar of Lugonu.
 16769 | Vaults:1 | Escaped the Abyss
 16782 | Vaults:1 | Killed a lich
 16842 | Vaults:1 | Reached skill level 15 in Dodging
 16935 | Vaults:1 | Found Bijoicw's Assorted Antiques.
 16964 | Vaults:1 | Reached XP level 18. HP: 73/124 MP: 11/18
 17051 | Vaults:1 | Bought a bone wand for 108 gold pieces
 17472 | Vaults:2 | Got a pair of slimy gloves
 17483 | Vaults:2 | Identified the +0 pair of gloves of Goodbye, My Love {rF+ rC+ Stlth+} (You found it on level 2 of the Vaults)
 17496 | Vaults:2 | Found Plog's Jewellery Shop.
 17519 | Vaults:2 | Received a gift from Trog
 17525 | Vaults:2 | Bought an uncursed amulet of regeneration for 420 gold pieces
 17555 | Vaults:2 | Noticed a Hell Sentinel
 17725 | Vaults:3 | Received a gift from Trog
 18083 | Vaults:3 | Found a radiant altar of Vehumet.
 18083 | Vaults:3 | Noticed a lich
 18094 | Vaults:3 | Killed a lich
 18143 | Vaults:3 | Got a heavily runed hat
 18154 | Vaults:3 | Identified the +2 hat of True Grit {rPois rF- Str+4 Dex+2} (You found it on level 3 of the Vaults)
 18157 | Vaults:3 | Got a smoking hat
 18168 | Vaults:3 | Identified the cursed +0 hat of Yniukiwa {rC++ Int-5} (You found it on level 3 of the Vaults)
 18480 | Vaults:3 | Received a gift from Trog
 18924 | Vaults:3 | Reached XP level 19. HP: 110/132 MP: 19/19
 18968 | Vaults:3 | Found a staircase to the Crypt.
 19002 | Crypt:1  | Entered Level 1 of the Crypt
 19477 | Crypt:1  | Noticed Boris
 19539 | Crypt:1  | Killed Boris
 19758 | Crypt:2  | Reached skill level 10 in Armour
 19781 | Crypt:3  | Entered Level 3 of the Crypt
 19954 | Crypt:3  | Noticed a lich
 19973 | Crypt:3  | Killed a lich
 20156 | Crypt:3  | Found an ancient bone altar of Kikubaaqudgha.
 20313 | Crypt:3  | Received a gift from Trog
 20488 | Crypt:3  | Noticed a lich
 20488 | Crypt:3  | Noticed an ancient lich
 20515 | Crypt:3  | Killed an ancient lich
 20521 | Crypt:3  | Killed a lich
 20531 | Crypt:3  | Identified Biehenti's Incunabulum of Evil Magic
 20543 | Crypt:3  | Got a wavering lapis lazuli ring
 20543 | Crypt:3  | Got a crude jade ring
 20545 | Crypt:3  | Identified the ring "Saxtoq" {rN+ Int+2} (You found it on level 3 of the Crypt)
 20548 | Crypt:3  | Got a transparent iron ring
 20549 | Crypt:3  | Identified the ring of Wigelouj {rC+ rN+ Int-5 Stlth+} (You found it on level 3 of the Crypt)
 20552 | Crypt:3  | Identified the ring "Boenenuh" {rPois rN+} (You found it on level 3 of the Crypt)
 20733 | Crypt:3  | Reached XP level 20. HP: 114/138 MP: 6/20
 20853 | Crypt:3  | Received a gift from Trog
 20893 | Crypt:3  | Found a staircase to the Tomb.
 21819 | Vaults:5 | Entered Level 5 of the Vaults
 21869 | Vaults:5 | Received a gift from Trog
 22015 | Vaults:5 | Noticed an ancient lich
 22018 | Vaults:5 | Noticed a Hell Sentinel
 22034 | Vaults:5 | Killed an ancient lich
 22034 | Vaults:5 | Reached XP level 21. HP: 88/146 MP: 7/21
 22168 | Vaults:5 | Noticed an ancient lich
 22172 | Vaults:5 | Noticed Saint Roka
 22191 | Vaults:5 | Killed an ancient lich
 22359 | Vaults:5 | Killed Saint Roka
 22453 | Vaults:5 | Noticed a shard shrike
 22453 | Vaults:5 | a hellephant changed into a shard shrike
 22455 | Vaults:5 | Noticed a juggernaut
 22455 | Vaults:5 | a shard shrike changed into a juggernaut
 22518 | Vaults:5 | Got a silver rune of Zot
 22683 | Vaults:5 | Got a slimy copper ring
 22719 | Vaults:5 | Identified the ring of the Sturgeon {+Inv rElec rF++ AC+1 Str-5} (You took it off an ironheart preserver on level 5 of the Vaults)
 22978 | Vaults:5 | Noticed a golden dragon
 23024 | Vaults:5 | Killed a golden dragon
 23032 | Vaults:5 | Got a sparkling iron amulet
 23033 | Vaults:5 | Identified the amulet of Rifuegam {RegenMP rElec rPois rF- rC+++ MP+9} (You took it off a frost giant on level 5 of the Vaults)
 23193 | Vaults:5 | Identified the +1 ring mail of Mib Imir {*Corrode Str+3 Dex+2 SInv} (You found it on level 5 of the Vaults)
 23208 | Vaults:5 | Reached XP level 22. HP: 153/153 MP: 7/22
 23473 | Vaults:3 | Received a gift from Trog
 23758 | Vaults:2 | Bought the ring of Rotan {*Contam rElec rN++ Str+3 Dex+3} for 572 gold pieces
 24376 | D:15     | Found a shattered altar of Ashenzari.
 24534 | D:15     | Found a staircase to the Depths.
 24573 | Depths:1 | Entered Level 1 of the Depths
 24728 | Depths:2 | Got a jewelled morningstar
 24729 | Depths:2 | Identified the +6 morningstar "Hydraslayer" {flame, Dex+7} (You acquired it on level 2 of the Depths)
 24866 | Depths:2 | Received a gift from Trog
 25049 | Depths:2 | Found a gateway to Hell.
 25114 | Depths:2 | Reached XP level 23. HP: 73/161 MP: 23/23
 25313 | Depths:3 | Found a runed door.
 25332 | Depths:3 | Found a one-way gate leading to the halls of Pandemonium.
 25337 | Depths:3 | Noticed Sojobo
 25424 | Depths:3 | Upgraded the game from 0.19-a0-1626-g5215c36 to 0.19-a0-1631-gd09ab47
 25441 | Depths:3 | Noticed Margery
 25669 | Depths:1 | Received a gift from Trog
 25943 | Elf:1    | Entered Level 1 of the Elven Halls
 26233 | Elf:1    | You fall through a shaft!
 26270 | Elf:2    | Found a huge runed gate.
 26271 | Elf:2    | Found a huge runed gate.
 26272 | Elf:2    | Found a huge runed gate.
 26273 | Elf:2    | Found a huge runed gate.
 26274 | Elf:2    | Found a huge runed gate.
 26310 | Elf:2    | Received a gift from Trog
 26460 | Elf:3    | Entered Level 3 of the Elven Halls
 26505 | Elf:3    | Noticed yaymichael's ghost (adept GrEE)
 26543 | Elf:3    | Killed yaymichael's ghost
 27095 | Elf:3    | Reached XP level 24. HP: 132/169 MP: 7/23
 27109 | Elf:3    | Received a gift from Trog
 27148 | Elf:3    | Identified the Reference Book on Displaced Attacks
 27382 | Elf:3    | Identified a +4 rod of clouds (10/10) (You found it on level 3 of the Elven Halls)
 27425 | Elf:3    | Got a pair of warped gloves
 27436 | Elf:3    | Identified the +1 pair of gloves of Free Expression {MP+9 Int-5 Dex+8} (You acquired it on level 3 of the Elven Halls)
 27941 | Slime:2  | Reached skill level 15 in Armour
 27965 | Slime:2  | Gained mutation: Your spells are a little easier to cast, but a little less powerful. [a shining eye]
 28103 | Slime:5  | Entered Level 5 of the Pits of Slime
 28126 | Slime:5  | Gained mutation: Your body sometimes deteriorates upon taking damage. [a shining eye]
 28238 | Slime:5  | Noticed the Royal Jelly
 28537 | Slime:4  | Received a gift from Trog
 28664 | Slime:4  | Slain by an azure jelly

Vault maps used:
D:1:      dpeg_arrival_tiny_j, minmay_misc_feat_diagonals
D:2:      amethyst_overflow_temple_binary, first_bread, uniq_crazy_yiuf_cottage
D:3:      gammafunk_temple_overflow_claw, nicolae_ru_the_path_less_chosen,
          uniq_robin
D:4:      minivault_27, roderic_whirl, vehumet_altar_wand_db
D:5:      uniq_grinder, uniq_prince_ribbit1, uniq_eustachio
D:6:      grunt_qazlal_sundering
D:7:      uniq_joseph, uniq_menkaure
D:10:     lair_0_dummy, uniq_harold
D:11:     orc_0_dummy
D:12:     hangedman_fish_farm
D:13:     david_vaults_1, st_stairs_4, serial_bayou_lagoon_b, uniq_maurice
D:14:     serial_shops, shop
D:15:     grunt_enter_depths_hoard, nicolae_gozag_zags_fifth_avenue,
          evilmike_ruin_ashenzari
Temple:   lightli_temple_of_artemis
Lair:1:   grunt_megastairs_3, lemuel_fruit_tree, infiniplex_staircase_pool_2
Lair:2:   wad_woods_road_02, serial_bayou_shore_b, grunt_megastairs_2,
          uniq_gastronok
Lair:3:   swamp_mist_pool, uniq_snorg
Lair:4:   spider_nest_entry_funnel_web, basic_altar, lemuel_fruit_fields
Lair:5:   regret_index_harrowing_hell_hive, grunt_megastairs_1,
          infiniplex_staircase_pool
Lair:6:   guppyfry_lair_end_dragon, hangedman_lair_caniforms_friends,
          slime_altar_1, lab_entry_generic, st_stairs_5
Swamp:1:  evilmike_swamp_ruin_house_2, swamp_pool3
Swamp:2:  evilmike_swamp_ruin_house_3, swamp_pool1, grunt_ruined_hall
Swamp:3:  evilmike_swamp_ruin_rubble_2, nicolae_swamp_orc_logging_accident
Swamp:4:  swamp_basic_johnstein, uniq_bai_suzhen, uniq_mara, uniq_jorgrun,
          uniq_donald
Spider:2: worms_lemuel
Spider:3: hangedman_spider_tarantella_strand
Spider:4: grunt_spider_rune_circles
Slime:3:  cheibrodos_slime_lost_civilization_3, basic_altar
Orc:1:    portal_ice_cave_demonic_guard
Orc:2:    st_orc_elflike, basic_altar, special_room
Elf:1:    minmay_elf_arrival_plus, minivault_28, nicolae_elf_big_sculpture_2,
          uniq_frances
Elf:3:    grunt_elf_hall_diamonds
Vaults:1: st_cross, v_misc_14, ontoclasm_vaults_gateway,
          vaults_room_stairs_pillars, serial_shops, nicolae_shop_trees
Vaults:2: vaults_standard_mumra_x, st_lines, v_misc_22, vaults_room_corners,
          ontoclasm_vaults_shuriken, v_misc_27, vaults_mumra_lcd,
          ontoclasm_vaults_loading_screen, v_misc_9, serial_shops, shop
Vaults:3: v_rooms_2, nicolae_vaults_network_s, nicolae_vaults_rhombus_7,
          grunt_tower_of_power, v_misc_2, nicolae_vaults_ninety_degrees,
          minmay_crypt_entry_simple_sparse, grunt_vaults_focal,
          nicolae_vaults_network_barrier, hangedman_vaults_trim,
          nicolae_vaults_little_squares_5, vaults_dpeg_hooks, vaults_room_pools
Vaults:4: nicolae_vaults_stairing_the_circle, v_misc_14,
          nicolae_vaults_little_squares_1, v_pattern_1, v_misc_1,
          vaults_room_corners, vaults_standard_mumra_enter_the_diamond,
          vaults_mumra_minichess_inversion, ontoclasm_vaults_loading_screen,
          nicolae_vaults_little_ls, v_misc_24, vaults_room_pool,
          nicolae_vaults_rhombus_6, ontoclasm_vaults_fault
Vaults:5: uniq_saint_roka
Crypt:1:  grunt_crypt_arrival_guarded_gate, uniq_boris
Crypt:3:  evilmike_haunted_forest
Depths:1: abyss_entry, hangedman_abyss_or_decor_slice, hell_entry,
          rand_demon_pan_entry_9, grunt_ministairs_13, minmay_splitting_lines,
          minmay_librarian, firewood_loft
Depths:2: evilmike_cross, nicolae_abyss_entry_one_way_or_another,
          minmay_parallelograms, hell_entry, infiniplex_staircase_trident,
          minmay_shop_grove
Depths:3: grunt_house_of_mirrors, serial_shops, shop,
          grunt_hell_entry_demonic_statue, old_standard_altar, pan_entry,
          roderic_three_in_a_row, minmay_misc_feat_chi, lightli_giant_bouncers,
          infiniplex_staircase_zigzag_3, uniq_sojobo, uniq_margery
Depths:4: kennysheep_scales, enter_ziggurat_b, hell_entry,
          abyss_entry_glasseish, uniq_jory, uniq_mennas
Abyss:4:  minivault_11, nicolae_abyss_rune_left_handed,
          grunt_abyss_exit_deep_breaths
Lab:      labyrinth_glass_1, labyrinth_lava_lair, nicolae_lab_x,
          nicolae_lab_dead_end

Skill      XL: |  1  2  3  4  5  6  7  8  9 10 11 12 13 14 15 16 17 18 19 20 21 22 23 24 |
---------------+-------------------------------------------------------------------------+-----
Dodging        | 3 4 6 8 10 12 15 16 17 19 20 21 22 | 22.6
Armour         | 2 3 5 6 7 9 10 11 12 13 14 15 | 15.0
Maces & Flails | 3 4 5 7 9 10 12 13 14 16 17 18 | 18.3
Fighting       | 4 5 7 8 9 10 11 13 14 15 17 18 19 20 21 22 | 22.9
Shields        | 1 4 5 |  5.6

Action                   |  1- 3 |  4- 6 |  7- 9 | 10-12 | 13-15 | 16-18 | 19-21 | 22-24 || total
-------------------------+-------+-------+-------+-------+-------+-------+-------+-------++-------
Melee: Mace              |    58 |    68 |   206 |   624 |   199 |       |       |       ||  1155
       Flail             |       |       |       |       |  1483 |  1622 |   216 |       ||  3321
       Demon whip        |       |       |       |       |       |   455 |   410 |       ||   865
       Morningstar       |       |       |       |       |       |       |  1188 |   968 ||  2156
       Eveningstar       |       |       |       |       |       |       |       |   878 ||   878
Invok: Berserk           |     2 |     4 |    12 |    24 |    31 |    29 |    18 |    16 ||   136
       Trog's Hand       |     1 |     2 |     1 |     4 |     8 |    16 |    18 |    10 ||    60
       Burn Spellbooks   |       |       |       |       |     1 |     1 |     2 |     3 ||     7
       Brothers in Arms  |       |       |       |       |     2 |     3 |     8 |     3 ||    16
Evoke: Wand              |       |     1 |       |       |     4 |    31 |     1 |       ||    37
       Phial of floods   |       |       |       |       |       |     3 |     1 |       ||     4
       Lamp of fire      |       |       |       |       |       |     1 |     1 |       ||     2
  Use: Potion            |       |     3 |       |       |     6 |     5 |    13 |     4 ||    31
       Scroll            |       |       |    13 |    11 |    13 |     9 |     8 |    14 ||    68
 Stab: Sleeping          |     2 |       |       |       |       |       |       |       ||     2
       Distracted        |       |       |       |       |     3 |       |     3 |       ||     6
       Confused          |       |       |       |       |       |     3 |       |       ||     3
       Held in net/web   |       |       |       |       |       |       |     2 |       ||     2
  Eat: Chunk             |     7 |     4 |    21 |    42 |    56 |    65 |    37 |    30 ||   262
       Pizza             |       |       |       |     1 |       |       |     1 |     2 ||     4
       Beef jerky        |       |       |       |       |       |     2 |       |     1 ||     3
       Royal jelly       |       |       |       |       |       |       |     2 |     2 ||     4
Armor: Animal skin       |     5 |     7 |     4 |       |       |       |       |       ||    16
       Leather armour    |       |       |     5 |       |       |       |       |       ||     5
       Chain mail        |       |       |    58 |       |       |       |       |       ||    58
       Ring mail         |       |       |     4 |       |       |       |       |       ||     4
       Plate armour      |       |       |     3 |   374 |  1270 |  1050 |   725 |   152 ||  3574
       Troll hide        |       |       |       |       |     3 |    24 |       |       ||    27
       Pearl dragon armo |       |       |       |       |       |       |       |   533 ||   533
Dodge: Dodged            |    38 |    56 |   119 |   242 |  1164 |  1340 |  1129 |  2305 ||  6393
Block: Buckler           |       |       |       |       |   124 |   552 |   402 |   701 ||  1779
